 Dungeon Sprint DCSS version 0.27-a0-1036-g8e1b44f6bd (webtiles) character file.

Game seed: 2585541819006005301

412 mhtbhm the Arsonist (level 6, -3/32 HPs)
             Began as a Deep Elf Fire Elementalist on Apr 18, 2021.
             Was a Believer of Vehumet.
             Slain by an air elemental (9 damage)
             ... in the Dungeon (Sprint V: "Ziggurat Sprint").
             The game lasted 00:02:00 (181 turns).

mhtbhm the Arsonist (Deep Elf Fire Elementalist)     Turns: 181, Time: 00:02:00

Health: -3/32      AC:  5    Str:  5    XL:     6   Next: 59%
Magic:  18/20      EV: 15    Int: 34    God:    Vehumet [**....]
Gold:   0          SH:  5    Dex: 15    Spells: 7/23 levels left

rFire    + . .     SeeInvis .   C - +8 lance "Wyrmbane" {slay drac, rPois rF+ rC+ AC+3}
rCold    + . .     Faith    .   (no shield)
rNeg     . . .     Spirit   .   a - +0 robe
rPois    +         Reflect  +   (no helmet)
rElec    .         Harm     .   (no cloak)
rCorr    .         Rampage  .   (no gloves)
Will     .....     NoTele   +   (no boots)
Stlth    +++.......             r - amulet of reflection
HPRegen  0.10/turn              u - +6 ring of intelligence
MPRegen  0.17/turn              v - +6 ring of intelligence

@: flying (expiring)
A: no striking features
a: Renounce Religion


You were in the Dungeon.
You worshipped Vehumet.
Vehumet was pleased with you.
You visited 1 branch

Inventory:

Hand Weapons
 C - the +8 lance "Wyrmbane" (weapon) {slay drac, rPois rF+ rC+ AC+3}
   (You found it in the Dungeon)

   It affects your AC (+3).
   It protects you from fire.
   It protects you from cold.
   It protects you from poison.
Armour
 a - a +0 robe (worn)
Jewellery
 r - an amulet of reflection (around neck)
 u - a +6 ring of intelligence (left hand)
 v - a +6 ring of intelligence (right hand)
Wands
 y - a wand of mindburst (5)
 z - a wand of iceblast (5)
 A - a wand of acid (4)
Scrolls
 h - 4 scrolls of blinking
 m - 4 scrolls of amnesia
 n - 7 scrolls of fog
 o - a scroll of holy word
 p - 5 scrolls of identify
 q - 2 scrolls of fear
Potions
 b - 2 potions of brilliance
 c - 10 potions of curing
 d - 3 potions of heal wounds
 e - 6 potions of haste
 f - 7 potions of magic
 g - 3 potions of berserk rage
 i - 2 potions of invisibility
 j - 4 potions of resistance
 k - a potion of experience
 l - 5 potions of might
Miscellaneous
 s - a piece from Xom's chessboard (15/15)
 B - a lightning rod (4/4)


   Skills:
 + Level 6.4 Dodging
 + Level 5.8 Stealth
 + Level 9.0 Spellcasting
 + Level 2.5 Conjurations
 + Level 11.3 Fire Magic
 + Level 3.5 Evocations


You had 7 spell levels left.
You knew the following spells:

 Your Spells              Type           Power      Damage    Failure   Level
a - Foxfire               Conj/Fire      100%       2x1d9     1%          1
b - Conjure Flame         Conj/Fire      58%        6-21      1%          3
c - Inner Flame           Hex/Fire       52%        N/A       1%          3
d - Sticky Flame          Conj/Fire      58%        2d7       1%          4
e - Fireball              Conj/Fire      29%        3d13      4%          5

Your spell library contained the following spells:

 Spells                   Type           Power      Damage    Failure   Level
 Shock                    Conj/Air       96%        1d9       1%          1
 Static Discharge         Conj/Air       24%        N/A       2%          2
 Swiftness                Air            15%        N/A       9%          3
 Airstrike                Air            7%         N/A       28%         4
 Lightning Bolt           Conj/Air       12%        1d25      43%         5


Dungeon Overview and Level Annotations

Branches:
Dungeon (1/1)

Altars:
Ashenzari
Cheibriados
Dithmenos
Elyvilon
Fedhas
Gozag
Hepliaklqana
Kikubaaqudgha
Makhleb
Nemelex Xobeh
Okawaru
Qazlal
Ru
Sif Muna
Trog
Uskayaw
Vehumet
Wu Jian
Xom
Yredelemnul
Zin
The Shining One
Beogh
Jiyva
Lugonu

Annotations:
D 1 transporter


Message History

You feel much better.
You are engulfed in raging winds.
The air elemental misses you. You block the air elemental's attack.
The air elemental hits you!
* * * LOW HITPOINT WARNING * * *
The air elemental misses you.
Unknown command.
You feel much better.
You are engulfed in raging winds.
The winds around the air elemental start to calm down. x2
The air elemental hits you.
The air elemental completely misses you.
You block the air elemental's attack. The air elemental closely misses you.
The air elemental hits you!
* * * LOW HITPOINT WARNING * * *
The air elemental hits you but does no damage.
You block the air elemental's attack. The air elemental barely misses you.
Unknown command.
You feel much better.
You are engulfed in raging winds.
The air elemental barely misses you. The air elemental hits you!
The air elemental hits you but does no damage.
A vortex of raging winds appears around the air elemental!
The air elemental barely misses you. The air elemental hits you!
* * * LOW HITPOINT WARNING * * *
Unknown command.
Unknown command.
You feel much better.
You float gracefully downwards.
The vortex of raging winds lifts you up.
You fly up into the air.
The air elemental closely misses you. The air elemental hits you.
The air elemental hits you!
The air elemental closely misses you. x2
The air elemental hits you but does no damage.
The air elemental hits you.
* * * LOW HITPOINT WARNING * * *
The air elemental closely misses you.
Unknown command.
You feel much better.
You are engulfed in raging winds.
The air elemental hits you!
* * * LOW HITPOINT WARNING * * *
The air elemental completely misses you.
The air elemental barely misses you. The air elemental hits you!
You die...

▓▓▓▓▓▓▓▓▓▓▓▓▓▓▓▓▓▓▓
▓.8©8.▓.8©8.▓.8©8.▓
▓.|)).▓.).).▓.....▓
▓§.§.§▓...†.▓.....▓
▓§§§§§▓.....▓.....▓
▓§§E§§▓.†...▓.....▓
▓§§@E§▓..†..▓..©..▓
▓§.E§§▓..©..▓▓▓▓▓▓▓
▓▓▓▓▓▓▓▓▓▓▓▓▓


You could see 3 air elementals.

Vanquished Creatures
  An air elemental (D)
  A yak (D)
  A phantom (D)
  2 iguanas (D)
  A bat skeleton (D)
6 creatures vanquished.

Vanquished Creatures (others)
  5 foxfires (D)
5 creatures vanquished.

Grand Total: 11 creatures vanquished

Notes
Turn   | Place    | Note
-------+----------+-------------------------------------------
     0 | D        | mhtbhm the Deep Elf Fire Elementalist began the quest for
                  | the Orb.
     0 | D        | Reached XP level 1. HP: 10/10 MP: 6/6
     0 | D        | Found a shimmering blue altar of Sif Muna.
     0 | D        | Found a bloodstained altar of Trog.
     0 | D        | Found a sacrificial altar of Ru.
     0 | D        | Found a stormy altar of Qazlal.
     0 | D        | Found an iron altar of Okawaru.
     1 | D        | Found a sparkling altar of Nemelex Xobeh.
     1 | D        | Found a blossoming altar of Fedhas.
     2 | D        | Found the +6 Majin-Bo {vamp, MP+6 Int+6}
     2 | D        | Found the +9 heavy crossbow "Sniper" {vorpal, Acc+∞ SInv}
     2 | D        | Found the +10 dark maul {vorpal}
     2 | D        | Found the +15 Maxwell's patent armour {-Cast -Tele rElec
                  | Will+ rCorr}
     2 | D        | Found the +18 shield of the Gong {rElec rN+ Will+ EV-5}
     2 | D        | Found the +14 obsidian axe {vorpal, Drain Fly SInv}
     2 | D        | Found the +7 great mace "Firestarter" {inner flame, rF++}
     2 | D        | Found the +6 shillelagh "Devastator" {shatter}
     2 | D        | Found the +11 plutonium sword {Contam Stlth-}
     2 | D        | Found the +8 lance "Wyrmbane" {slay drac, rPois rF+ rC+
                  | AC+3}
     2 | D        | Found the +9 sword of Zonguldrok {reap}
     2 | D        | Found the +13 scythe of Curses {drain, Drain}
     2 | D        | Found the +5 sword of Power {vorpal}
     2 | D        | Found the +7 mace of Variability {chain chaos}
     2 | D        | Found the +7 Singing Sword {vorpal, sonic wave}
     2 | D        | Found the +8 storm bow {elec, penet}
     3 | D        | Found a transporter.
     3 | D        | Found an ancient bone altar of Kikubaaqudgha.
     3 | D        | Found a viscous altar of Jiyva.
     3 | D        | Found a corrupted altar of Lugonu.
     3 | D        | Found a hazy altar of Hepliaklqana.
     3 | D        | Found a burning altar of Makhleb.
     3 | D        | Found an opulent altar of Gozag.
    44 | D        | Became a worshipper of Vehumet
    57 | D        | Entered arena 2.
    57 | D        | Noticed a phantom
    57 | D        | Found a transporter.
    65 | D        | Killed a phantom
    66 | D        | Reached skill level 5 in Spellcasting
    66 | D        | Reached skill level 7 in Fire Magic
    66 | D        | Reached skill level 1 in Evocations
    66 | D        | Reached XP level 2. HP: 15/15 MP: 3/10
    66 | D        | Reached XP level 3. HP: 19/19 MP: 3/12
    66 | D        | Reached XP level 4. HP: 24/24 MP: 3/13
    70 | D        | Learned a level 3 spell: Conjure Flame
    74 | D        | Learned a level 3 spell: Inner Flame
    79 | D        | Learned a level 4 spell: Sticky Flame
   138 | D        | Entered arena 3.
   138 | D        | Noticed a yak
   138 | D        | Found a transporter.
   140 | D        | Reached * piety under Vehumet
   140 | D        | Offered knowledge of Shock by Vehumet.
   142 | D        | Killed a yak
   143 | D        | Reached skill level 5 in Dodging
   143 | D        | Reached skill level 5 in Stealth
   143 | D        | Reached skill level 9 in Fire Magic
   143 | D        | Reached XP level 5. HP: 28/28 MP: 14/17
   144 | D        | Reached skill level 10 in Fire Magic
   173 | D        | Learned a level 5 spell: Fireball
   174 | D        | Entered arena 4.
   174 | D        | Noticed an air elemental
   174 | D        | Noticed an air elemental
   174 | D        | Noticed an air elemental
   174 | D        | Noticed an air elemental
   174 | D        | Found a transporter.
   176 | D        | Killed an air elemental
   176 | D        | Reached ** piety under Vehumet
   177 | D        | Reached skill level 11 in Fire Magic
   177 | D        | Reached XP level 6. HP: 7/32 MP: 18/20
   181 | D        | Slain by an air elemental

Illustrated notes

Levels and vault maps discovered:
D:        sprint_v [room_start, room_1, room_2, room_3, room_4, room_5, room_6,
          room_7, room_8, room_9, room_10, room_11, room_12, room_13, room_14,
          room_15, room_16, room_17, room_18, room_19, room_20, room_21,
          room_22, room_23, room_24, room_25, room_26, room_27]

Skill      XL: |  1  2  3  4  5 |
---------------+----------------+-----
Dodging        | 4 5 6 |  6.4
Stealth        | 3 5 |  5.8
Spellcasting   | 5 7 9 |  9.0
Fire Magic     | 7 9 11 | 11.3
Evocations     | 1 2 3 |  3.5
Conjurations   | 2 |  2.5

Action                   |  1- 3 |  4- 6 || total
-------------------------+-------+-------++-------
 Cast: Foxfire           |     3 |       ||     3
Evoke: Wand              |     3 |     4 ||     7
       Lightning rod     |       |     3 ||     3
  Use: Potion            |     2 |     5 ||     7
Armor: Robe              |     2 |     3 ||     5
Dodge: Dodged            |     5 |    16 ||    21
Block: Other             |       |     3 ||     3

Table legend: (Time is in decaauts)
 A = Elapsed time spent in this place.
 B = Non-inter-level travel time spent in this place.
 C = Inter-level travel time spent in this place.
 D = Time resting spent in this place.
 E = Time spent auto-exploring this place.
 F = Levels seen in this place.
 G = Mean time per level.
                   A        B        C        D        E       F      G
               +--------+--------+--------+--------+--------+-----+--------+
         Total |    179 |    179 |      0 |     60 |      0 |   1 |  179.0 |
       Dungeon |    179 |    179 |      0 |     60 |      0 |   1 |  179.0 |
               +--------+--------+--------+--------+--------+-----+--------+

Top non-repeatable levels by time:
       D: 179 daAuts
